 Dungeon Crawl Stone Soup version 0.27-a0-1202-ge72e49191c (webtiles) character file.

Game seed: 6198301539524884949

1102 funkygono the Tainter (level 8, -2/55 HPs)
             Began as a Formicid Venom Mage on June 3, 2021.
             Was an Initiate of Vehumet.
             Slain by a phantom (8 damage)
             ... on level 5 of the Dungeon.
             The game lasted 00:12:29 (5594 turns).

funkygono the Tainter (Formicid Venom Mage)         Turns: 5594, Time: 00:12:29

Health: -2/55      AC:  2    Str: 13    XL:     8   Next: 58%
Magic:  5/16       EV: 12    Int: 17    God:    Vehumet [......]
Gold:   232        SH:  5    Dex: 11    Spells: 3/18 levels left

rFire    + . .     SeeInvis +   n - +2 whip (freeze)
rCold    . . .     Faith    .   (no shield)
rNeg     . . .     Spirit   .   a - +0 robe
rPois    .         Reflect  +   (helmet unavailable)
rElec    .         Harm     .   (no cloak)
rCorr    .         Rampage  .   (no gloves)
Will     .....                  (no boots)
Stlth    ++........             e - amulet of reflection
HPRegen  0.18/turn              g - ring of wizardry
MPRegen  0.15/turn              l - ring of protection from fire

@: no status effects
A: permanent stasis, dig shafts and tunnels, antennae 3, four strong arms
a: Dig, Shaft Self, Renounce Religion


You were on level 5 of the Dungeon.
You worshipped Vehumet.
Vehumet was noncommittal.
You visited 2 branches of the dungeon, and saw 6 of its levels.

You collected 232 gold pieces.

Inventory:

Hand Weapons
 h - a +1 vampiric whip
 n - a +2 whip of freezing (weapon)
 r - a +2 vampiric whip
 s - a +0 long sword
Missiles
 c - 150 stones
Armour
 a - a +0 robe (worn)
 j - a +0 leather armour
Jewellery
 e - an amulet of reflection (around neck)
 g - a ring of wizardry (left hand)
 l - a ring of protection from fire (right hand)
Wands
 d - a wand of digging (6)
Scrolls
 f - a scroll of identify
 o - 2 scrolls of noise {unknown}
 q - a scroll of fog {unknown}
Potions
 b - a potion of attraction {unknown}
 i - a potion of mutation {unknown}
 k - a potion of heal wounds {unknown}
 m - a potion of magic {unknown}
 p - 3 potions of haste


   Skills:
 + Level 1.7 Fighting
 + Level 1.5 Maces & Flails
 + Level 2.2 Dodging
 - Level 2.4 Stealth
 + Level 0.6 Shields
 * Level 5.6 Spellcasting
 + Level 4.2 Transmutations
 * Level 2.5 Fire Magic
 + Level 0.4 Air Magic
 * Level 8.1 Poison Magic


You had 3 spell levels left.
You knew the following spells:

 Your Spells              Type           Power      Damage    Failure   Level
a - Sting                 Tmut/Pois      100%       1d8       1%          1
b - Poisonous Vapours     Pois/Air       38%        N/A       1%          2
c - Ignite Poison         Fire/Tmut/Pois 21%        N/A       2%          3
d - Olgreb's Toxic Radia  Pois           32%        N/A       1%          4
e - Foxfire               Conj/Fire      36%        2x1d5     3%          1
f - Sticky Flame          Conj/Fire      9%         2d3       30%         4

Your spell library contained the following spells:

 Spells                   Type           Power      Damage    Failure   Level
 Mephitic Cloud           Conj/Pois/Air  14%        N/A       4%          3
 Conjure Flame            Conj/Fire      9%         6-21      10%         3
 Inner Flame              Hex/Fire       9%         N/A       10%         3
 Fireball                 Conj/Fire      4%         3d4       61%         5


Dungeon Overview and Level Annotations

Branches:
Dungeon (5/15)             Temple (1/1) D:4

Altars:
Ashenzari
Elyvilon
Hepliaklqana
Ru
Sif Muna
Trog
Uskayaw
Vehumet
Wu Jian
Xom
Yredelemnul

Annotations:
D:1 1 runed translucent door


Innate Abilities, Weirdness & Mutations

You cannot be hasted, slowed, berserked, paralysed or teleported.
You can dig through walls and to a lower floor.
You have a pair of large antennae on your head. (SInv)
Your four strong arms can wield two-handed weapons with a shield.


Message History

Unknown command.
You barely miss the shadow.
The shadow is lightly damaged.
The foxfire hits the phantom.
The phantom is moderately damaged.
The foxfire hits the phantom.
The phantom is moderately damaged.
The foxfire hits the phantom.
The phantom is heavily damaged.
The shadow hits you! The phantom hits you.
You barely miss the shadow.
The shadow is lightly damaged.
The shadow hits you. The phantom closely misses you.
Casting: Foxfire (safe; 3% risk of failure)
Confirm with . or Enter, or press ? or * to list all spells.
You conjure some foxfire!
The shadow hits you!
* * * LOW HITPOINT WARNING * * *
The phantom misses you.
Unknown command.
Okay, then.
The foxfire hits the phantom but does no damage.
The phantom is heavily damaged.
The foxfire hits the phantom.
The phantom is heavily damaged.
The shadow misses you. The phantom hits you.
* * * LOW HITPOINT WARNING * * *
A centaur zombie comes into view.
The centaur zombie hits you.
* * * LOW HITPOINT WARNING * * *
The centaur zombie kicks you.
* * * LOW HITPOINT WARNING * * *
The centaur zombie hits you.
* * * LOW HITPOINT WARNING * * *
The centaur zombie barely misses you.
You see here a manual of Poison Magic.
It was a potion of haste.
Your stasis prevents you from being hasted.
The centaur zombie misses you. The centaur zombie closely misses you.
The phantom hits you!
You die...

#.# #.# #.# #.# #.#
#.#############
#...........W.#######
######......WZ......#
#.######@#####. #.#
### #)..W....
##.###... )# ). ...
..^ ....


You could see a phantom, a shadow and a centaur zombie.

Vanquished Creatures
  Sigmund (D:2)
  An orc warrior (D:5)
  A necrophage (D:5)
  A centaur (D:5)
  2 ogres
  A scorpion (D:4)
  A water moccasin zombie (D:5)
  A hound (D:5)
  5 orc priests
  Terence (D:2)
  An iguana (D:4)
  An orc wizard (D:4)
  4 adders
  A worm (D:2)
  4 dart slugs
  13 orcs
  6 ball pythons
  7 endoplasms
  4 giant cockroaches
  8 goblins
  12 hobgoblins
  7 jackals
  3 kobolds
  4 quokkas
  7 bats
  2 frilled lizards (D:1)
  A rat (D:2)
100 creatures vanquished.

Vanquished Creatures (others)
  27 foxfires (D:5)
  A plant (D:5)
28 creatures vanquished.

Grand Total: 128 creatures vanquished

Notes
Turn   | Place    | Note
-------+----------+-------------------------------------------
     0 | D:1      | funkygono the Formicid Venom Mage began the quest for the
                  | Orb.
     0 | D:1      | Reached XP level 1. HP: 13/13 MP: 3/3
     1 | D:1      | Found a runed translucent door.
     3 | D:1      | Noticed a jelly
   186 | D:1      | Found a faded altar of an unknown god.
   237 | D:1      | Reached XP level 2. HP: 19/19 MP: 3/5
   281 | D:1      | Learned a level 2 spell: Poisonous Vapours
   693 | D:1      | Reached XP level 3. HP: 21/24 MP: 3/6
  1279 | D:2      | Reached skill level 5 in Poison Magic
  1359 | D:2      | Found a shimmering altar of Xom.
  1400 | D:2      | Reached XP level 4. HP: 31/31 MP: 4/7
  1405 | D:2      | Learned a level 3 spell: Ignite Poison
  1600 | D:2      | Noticed Terence
  1666 | D:2      | Killed Terence
  2030 | D:2      | Noticed Sigmund
  2043 | D:2      | Killed Sigmund
  2044 | D:2      | Reached skill level 1 in Fire Magic
  2044 | D:2      | Reached XP level 5. HP: 10/36 MP: 2/10
  2044 | D:2      | Reached XP level 6. HP: 12/42 MP: 2/11
  2670 | D:2      | Learned a level 4 spell: Olgreb's Toxic Radiance
  3084 | D:3      | Reached skill level 6 in Poison Magic
  3259 | D:3      | Noticed an ogre
  3268 | D:3      | Killed an ogre
  3329 | D:3      | Reached XP level 7. HP: 46/47 MP: 9/13
  3597 | D:4      | Found a sacrificial altar of Ru.
  4175 | D:4      | Reached skill level 7 in Poison Magic
  4353 | D:4      | Found a staircase to the Ecumenical Temple.
  4373 | D:4      | Learned a level 1 spell: Foxfire
  4378 | D:4      | Learned a level 4 spell: Sticky Flame
  4380 | Temple   | Entered the Ecumenical Temple
  4683 | Temple   | Became a worshipper of Vehumet
  4750 | D:5      | Entered Level 5 of the Dungeon
  4753 | D:5      | Reached skill level 1 in Fighting
  4997 | D:5      | Reached XP level 8. HP: 28/54 MP: 13/15
  5161 | D:5      | Reached skill level 1 in Maces & Flails
  5161 | D:5      | Reached skill level 5 in Spellcasting
  5571 | D:5      | Noticed a shadow
  5576 | D:5      | Reached skill level 8 in Poison Magic
  5594 | D:5      | Slain by a phantom

Illustrated notes

Levels and vault maps discovered:
D:1:      dpeg_arrival_caged_fury, layout_loops_ring,
          hellmonk_ecumenical_altar_lost_god
D:2:      layout_basic, basic_altar, uniq_sigmund, uniq_terence
D:3:      layout_rooms, minmay_box_of_dots
D:4:      layout_basic, lemuel_round_altar, minmay_temple_entry_offerings
D:5:      layout_basic, nicolae_qazlal_style_of_elements, serial_bayou_pond_d,
          minmay_manual_monolith
Temple:   compressed_dpeg_triangle_lava_temple

Skill      XL: |  1  2  3  4  5  6  7  8 |
---------------+-------------------------+-----
Poison Magic   | 5 6 7 8 |  8.1
Dodging        | 2 |  2.2
Transmutations | 3 4 |  4.2
Spellcasting   | 3 4 5 |  5.6
Fire Magic     | 1 2 |  2.5
Fighting       | 1 |  1.7
Maces & Flails | 1 |  1.5
Stealth        | |  2.4
Shields        | |  0.6
Air Magic      | |  0.4

Action                   |  1- 3 |  4- 6 |  7- 9 || total
-------------------------+-------+-------+-------++-------
Melee: Dagger            |     4 |       |       ||     4
       Club              |    26 |       |       ||    26
       Whip              |       |    32 |    42 ||    74
 Cast: Sting             |    34 |    40 |    28 ||   102
       Poisonous Vapours |     4 |    16 |     2 ||    22
       Ignite Poison     |       |     1 |     9 ||    10
       Olgreb's Toxic Ra |       |     1 |     7 ||     8
       Foxfire           |       |       |    15 ||    15
  Use: Scroll            |     1 |     2 |     4 ||     7
       Potion            |       |     1 |     2 ||     3
Armor: Robe              |    11 |     3 |     7 ||    21
Dodge: Dodged            |    43 |    23 |    33 ||    99
Block: Other             |       |     4 |    13 ||    17

Table legend: (Time is in decaauts)
 A = Elapsed time spent in this place.
 B = Non-inter-level travel time spent in this place.
 C = Inter-level travel time spent in this place.
 D = Time resting spent in this place.
 E = Time spent auto-exploring this place.
 F = Levels seen in this place.
 G = Mean time per level.
                   A        B        C        D        E       F      G
               +--------+--------+--------+--------+--------+-----+--------+
         Total |   5605 |   5560 |     45 |    376 |   4324 |   6 |  934.2 |
       Dungeon |   5294 |   5256 |     38 |    376 |   4040 |   5 | 1058.8 |
        Temple |    310 |    303 |      7 |      0 |    284 |   1 |  310.0 |
               +--------+--------+--------+--------+--------+-----+--------+

Top non-repeatable levels by time:
     D:2: 1485 daAuts
     D:1: 1195 daAuts
     D:4: 1053 daAuts
     D:5: 847 daAuts
     D:3: 713 daAuts
  Temple: 310 daAuts
